 Dungeon Crawl Stone Soup version 0.16.1-2-g95b8d4c (console) character file.

104 gw the Stinger (level 4, -3/25 HPs)
             Began as a Deep Elf Venom Mage on Mar 25, 2015.
             Slain by a gnoll
             ... wielding a +0 spear
              (5 damage)
             ... on level 2 of the Dungeon.
             The game lasted 00:01:46 (1893 turns).

gw the Stinger (Deep Elf Venom Mage)                Turns: 1893, Time: 00:01:46

Health: -3/25      AC:  6    Str:  5    XL:     4   Next: 52%
Magic:  0/15       EV: 12    Int: 21    God:
Gold:   53         SH:  0    Dex: 15    Spells: 2 memorised, 8 levels left

rFire  . . .     SeeInvis .     a - +2 short sword (venom)
rCold  . . .     Clarity  .     e - +0 leather armour
rNeg   . . .     SustAb   .     (no shield)
rPois  .         Gourm    .     m - +0 helmet
rElec  .         Spirit   .     j - +1 cloak
rCorr  .         Warding  .     (no gloves)
rMut   .         Stasis   .     (no boots)
MR     .....                    (no amulet)
Stlth  ++........               (no ring)
                                (no ring)

@: not resistant to hostile enchantments, unstealthy
A: no striking features
a: no special abilities


You were on level 2 of the Dungeon.
You were not hungry.

You visited 1 branch of the dungeon, and saw 2 of its levels.

You collected 53 gold pieces.

Inventory:

Hand weapons
 a - a +2 short sword of venom (weapon)
Armour
 e - a +0 leather armour (worn)
 j - a +1 cloak (worn)
 m - a +0 helmet (worn)
Scrolls
 f - a scroll of teleportation
 l - a scroll of identify
Potions
 d - a potion of restore abilities
 i - a potion of cure mutation
Books
 b - a Young Poisoner's Handbook

   Spells                             Type                      Level
   a - Sting                          Conjuration/Poison           1
   b - Cure Poison                    Poison                       2
   c - Mephitic Cloud                 Conjuration/Poison/Air       3
   d - Olgreb's Toxic Radiance        Poison                       4
   e - Venom Bolt                     Conjuration/Poison           5
Comestibles
 c - a bread ration
 g - a beef jerky
 h - a meat ration
 n - a royal jelly


   Skills:
 + Level 1.2 Fighting
 + Level 1.6 Armour
 - Level 2.4 Dodging
 - Level 2.4 Stealth
 * Level 4.5 Spellcasting
 + Level 4.8 Poison Magic


You had 8 spell levels left.
You knew the following spells:

 Your Spells              Type           Power        Failure   Level  Hunger
a - Sting                 Conj/Pois      ##..         10%         1    None
b - Mephitic Cloud        Conj/Pois/Air  ##......     30%         3    ##.....


Dungeon Overview and Level Annotations

Branches:
Dungeon (2/15)

Altars:


Message History

The gnoll is moderately wounded.
The bat barely misses you. The gnoll hits you with a spear.
Unknown command.
Unknown command.
Unknown command.
Unknown command.
ATTACK MOVE TO (1,0)
You barely miss the gnoll.
The gnoll is moderately wounded.
The bat misses you. The gnoll closely misses you.
Your magical contamination has completely faded away.
Unknown command.
Unknown command.
Unknown command.
Unknown command.
ATTACK MOVE TO (1,0)
You barely miss the gnoll.
The gnoll is heavily wounded.
The bat barely misses you. The gnoll hits you with a spear.
You die...

. #. . ##. #.. .
###.. #.### .#
#....### ...# .#
.....#.# #.##..#
#......### ##..#.#
..#......# #.%...#
.##.#..#.# #.#%###
.##.#.##.## #.#.eg#
.##.#.##..###.###b#
......###...#.# ...
..##.## ###...#
#.... .....#
###..#.# ......
.....# #...##..#
#[... ..#.##
#.#####.# ###
..#.####.# .#
..#......# .#


You could see a gnoll and a bat.

Table legend:
 A = Turns spent in this place as a percentage of turns spent in the entire game.
 B = Non-inter-level travel turns spent in this place as a percentage of non-inter-level travel turns spent in the entire game.
 C = Inter-level travel turns spent in this place as a percentage of turns spent in this place.
 D = Turns resting spent in this place as a percentage of non-inter-level travel turns spent in this place.
 E = Turns spent auto-exploring this place as a percentage of non-inter-level travel turns spent in this place.
 F = Non-inter-level travel turns spent in this place divided by the number of levels of this place that you've seen.
                   A       B       C       D       E      F
               +-------+-------+-------+-------+-------+----------------------
         Total | 100.0 | 100.0 |   0.3 |   3.5 |   2.7 | 1118.0
       Dungeon | 100.0 | 100.0 |   0.3 |   3.5 |   2.7 | 1118.0
               +-------+-------+-------+-------+-------+----------------------

Table legend:
 A = Kills in this place as a percentage of kills in entire the game.
 B = Kills by you in this place as a percentage of kills by you in the entire game.
 C = Kills by friends in this place as a percentage of kills by friends in the entire game.
 D = Other kills in this place as a percentage of other kills in the entire game.
 E = Experience gained in this place as a percentage of experience gained in the entire game.
 F = Experience gained in this place divided by the number of levels of this place that you have seen.
                   A       B       C       D       E      F
               +-------+-------+-------+-------+-------+----------------------
         Total | 100.0 | 100.0 |  -nan |  -nan | 100.0 |  74.5
       Dungeon | 100.0 | 100.0 |  -nan |  -nan | 100.0 |  74.5
               +-------+-------+-------+-------+-------+----------------------

Vanquished Creatures
  3 gnolls (D:2)
  3 adders (D:2)
  3 worms (D:2)
  A ball python (D:2)
  4 giant cockroaches (D:1)
  2 hobgoblins
  6 bats
  A giant newt (D:1)
  5 goblins
  4 kobolds
  A rat (D:1)
33 creatures vanquished.

Notes
Turn   | Place    | Note
--------------------------------------------------------------
     0 | D:1      | gw, the Deep Elf Venom Mage, began the quest for the Orb.
     0 | D:1      | Reached XP level 1. HP: 10/10 MP: 5/5
   463 | D:1      | Reached XP level 2. HP: 11/16 MP: 0/8
  1032 | D:2      | Reached skill level 1 in Fighting
  1108 | D:2      | Reached XP level 3. HP: 18/20 MP: 6/11
  1152 | D:2      | Learned a level 3 spell: Mephitic Cloud
  1199 | D:2      | Reached skill level 1 in Armour
  1733 | D:2      | Reached XP level 4. HP: 25/25 MP: 8/15
  1891 | D:2      | HP: 1/25 [gnoll/spear (4)]
  1893 | D:2      | Slain by a gnoll

Action                   |  1- 3 |  4- 6 || total
-------------------------+-------+-------++-------
Melee: Unarmed           |     1 |       ||     1
       Club              |     2 |       ||     2
       Short sword       |     1 |     6 ||     7
 Cast: Sting             |    78 |    20 ||    98
  Use: Scroll            |     5 |       ||     5
       Potion            |     2 |       ||     2
  Eat: Chunk             |     2 |     1 ||     3

Vault maps used:
D:1:      dpeg_arrival_shelter
D:2:      kennysheep_goblin_castle, first_bread
